 Dungeon Crawl Stone Soup version 0.25-a0-578-gc91f01c39c (webtiles) character file.

Game seed: 10871352270674910609, levelgen mode: deterministic

187 Emblim88 the Shield-Bearer (level 5, -5/47 HPs)
             Began as a Gnoll Fighter on Mar 5, 2020.
             Slain by an ogre
             ... wielding a +0 giant spiked club
              (8 damage)
             ... on level 2 of the Dungeon.
             The game lasted 00:03:32 (811 turns).

Emblim88 the Shield-Bearer (Gnoll Fighter)           Turns: 811, Time: 00:03:33

Health: -5/47      AC: 14    Str: 19    XL:     5   Next: 66%
Magic:  0/7        EV:  6    Int: 10    God:
Gold:   90         SH:  0    Dex: 15    Spells: 7/7 levels left

rFire    . . .     SeeInvis .   t - +1 scythe (vorpal)
rCold    . . .     Gourm    .   (shield currently unavailable)
rNeg     . . .     Faith    .   r - +0 plate armour
rPois    .         Spirit   +   s - +0 helmet (curse)
rElec    .         Reflect  .   (no cloak)
rCorr    .         Harm     .   (no gloves)
MR       .....                  (no boots)
Stlth    ..........             w - amulet of guardian spirit
HPRegen  0.15/turn              (no ring)
MPRegen  0.10/turn              (no ring)

@: mighty, flying
A: distributed training, fangs 1, strong nose
a: no special abilities


You were on level 2 of the Dungeon.
You were not hungry.

You visited 1 branch of the dungeon, and saw 2 of its levels.

You collected 90 gold pieces.

Inventory:

Hand Weapons
 o - a +0 hunting sling
 t - a +1 vorpal scythe (weapon)
Missiles
 g - 89 stones (quivered)
 i - 2 boomerangs
 p - 29 sling bullets
Armour
 c - a +0 kite shield
 r - a +0 plate armour (worn)
 s - a cursed +0 helmet (worn)
Jewellery
 w - an amulet of guardian spirit (around neck)
Wands
 b - a wand of digging (2)
 u - a wand of disintegration (17)
Scrolls
 a - a scroll of random uselessness {unknown}
 k - a scroll of identify {unknown}
 q - a scroll of fear {unknown}
Potions
 e - a potion of curing {unknown}
 j - a potion of invisibility {unknown}
 l - a potion of flight
 m - a potion of lignification {unknown}
 n - a potion of berserk rage {unknown}
 v - a potion of resistance {unknown}
Comestibles
 f - 6 rations
 h - 4 chunks of flesh


   Skills:
 + Level 6.7 Fighting
 + Level 1.5 Short Blades
 + Level 4.8 Long Blades
 + Level 1.5 Axes
 + Level 1.5 Maces & Flails
 + Level 1.5 Polearms
 + Level 1.5 Staves
 + Level 1.5 Slings
 + Level 1.5 Bows
 + Level 1.5 Crossbows
 + Level 1.5 Throwing
 + Level 6.7 Armour
 + Level 1.5 Dodging
 + Level 1.5 Stealth
 + Level 6.7 Shields
 + Level 1.5 Unarmed Combat
 + Level 1.5 Spellcasting
 + Level 1.2 Conjurations
 + Level 1.2 Hexes
 + Level 1.2 Charms
 + Level 1.2 Summonings
 + Level 1.2 Necromancy
 + Level 1.2 Translocations
 + Level 1.2 Transmutations
 + Level 1.2 Fire Magic
 + Level 1.2 Ice Magic
 + Level 1.2 Air Magic
 + Level 1.2 Earth Magic
 + Level 1.2 Poison Magic
 + Level 1.7 Invocations
 + Level 1.5 Evocations


You had 7 spell levels left.
You didn't know any spells.
Your spell library was empty.

Dungeon Overview and Level Annotations

Branches:
Dungeon (2/15)

Altars:


Innate Abilities, Weirdness & Mutations

Your experience applies equally to all skills.
You have very sharp teeth.
Your uncanny sense of smell can sniff out nearby items.


Message History

You kill the goblin!
The ogre closely misses you.
You feel very mighty all of a sudden.
You barely miss the ogre. The ogre barely misses you.
The ogre hits you with a +0 giant spiked club!!
Ouch! That really hurt!
Some of the chunks of flesh in your inventory have rotted away.
You barely miss the ogre. The ogre hits you but does no damage.
You hit the ogre.
The ogre is lightly wounded.
The ogre hits you with a +0 giant spiked club!
* * * LOW HITPOINT WARNING * * *
The ogre hits you but does no damage.
It was a potion of flight.
You feel very buoyant.
You fly up into the air.
You hit the ogre.
The ogre is moderately wounded.
The ogre hits you with a +0 giant spiked club!
You die...

#####..# #.#.........
##.# #......##...
#.####.....###...
#..#[......# #...
###...#.....###...
#...........#.....
#.##..............
#####.....#.....#.#...
#.[gO@....#.......#...
#.####......##.####...
#..# #.........# ####
....# ####..#.###
......# #..#..#
......########....##
.....# #..........#
..... #..........#
..... #..........#


You could see an ogre and a hobgoblin.

Vanquished Creatures
  Sigmund (D:2)
  2 dart slugs
  4 leopard geckos
  6 bats
  6 giant cockroaches
  2 goblins (D:2)
  2 hobgoblins
  2 quokkas (D:2)
  3 rats
28 creatures vanquished.

Notes
Turn   | Place    | Note
-------+----------+-------------------------------------------
     0 | D:1      | Emblim88 the Gnoll Fighter began the quest for the Orb.
     0 | D:1      | Reached XP level 1. HP: 23/23 MP: 1/1
   141 | D:1      | Reached XP level 2. HP: 29/29 MP: 2/2
   501 | D:2      | Reached XP level 3. HP: 35/35 MP: 3/3
   615 | D:2      | Noticed Sigmund
   633 | D:2      | Killed Sigmund
   633 | D:2      | Reached skill level 1 in Short Blades
   633 | D:2      | Reached skill level 1 in Axes
   633 | D:2      | Reached skill level 1 in Maces & Flails
   633 | D:2      | Reached skill level 1 in Polearms
   633 | D:2      | Reached skill level 1 in Staves
   633 | D:2      | Reached skill level 1 in Slings
   633 | D:2      | Reached skill level 1 in Bows
   633 | D:2      | Reached skill level 1 in Crossbows
   633 | D:2      | Reached skill level 1 in Throwing
   633 | D:2      | Reached skill level 1 in Dodging
   633 | D:2      | Reached skill level 1 in Stealth
   633 | D:2      | Reached skill level 1 in Unarmed Combat
   633 | D:2      | Reached skill level 1 in Spellcasting
   633 | D:2      | Reached skill level 1 in Conjurations
   633 | D:2      | Reached skill level 1 in Hexes
   633 | D:2      | Reached skill level 1 in Charms
   633 | D:2      | Reached skill level 1 in Summonings
   633 | D:2      | Reached skill level 1 in Necromancy
   633 | D:2      | Reached skill level 1 in Translocations
   633 | D:2      | Reached skill level 1 in Transmutations
   633 | D:2      | Reached skill level 1 in Fire Magic
   633 | D:2      | Reached skill level 1 in Ice Magic
   633 | D:2      | Reached skill level 1 in Air Magic
   633 | D:2      | Reached skill level 1 in Earth Magic
   633 | D:2      | Reached skill level 1 in Poison Magic
   633 | D:2      | Reached skill level 1 in Invocations
   633 | D:2      | Reached skill level 1 in Evocations
   633 | D:2      | Reached XP level 4. HP: 36/41 MP: 3/6
   633 | D:2      | Reached XP level 5. HP: 42/47 MP: 3/7
   796 | D:2      | Noticed an ogre
   807 | D:2      | HP: 2/47 [ogre/+0 giant spiked club (15)]
   811 | D:2      | Slain by an ogre

Levels and vault maps discovered:
D:1:      dpeg_arrival_orchard, layout_basic, minmay_heptomino_d4
D:2:      layout_rooms, uniq_sigmund

Skill      XL: |  1  2  3 |
---------------+----------+-----
Short Blades   | 1 |  1.5
Axes           | 1 |  1.5
Maces & Flails | 1 |  1.5
Polearms       | 1 |  1.5
Staves         | 1 |  1.5
Slings         | 1 |  1.5
Bows           | 1 |  1.5
Crossbows      | 1 |  1.5
Throwing       | 1 |  1.5
Dodging        | 1 |  1.5
Stealth        | 1 |  1.5
Unarmed Combat | 1 |  1.5
Spellcasting   | 1 |  1.5
Conjurations   | 1 |  1.2
Hexes          | 1 |  1.2
Charms         | 1 |  1.2
Summonings     | 1 |  1.2
Necromancy     | 1 |  1.2
Translocations | 1 |  1.2
Transmutations | 1 |  1.2
Fire Magic     | 1 |  1.2
Ice Magic      | 1 |  1.2
Air Magic      | 1 |  1.2
Earth Magic    | 1 |  1.2
Poison Magic   | 1 |  1.2
Invocations    | 1 |  1.7
Evocations     | 1 |  1.5
Fighting       | |  6.7
Long Blades    | |  4.8
Armour         | |  6.7
Shields        | |  6.7

Action                   |  1- 3 |  4- 6 || total
-------------------------+-------+-------++-------
Melee: Long sword        |    74 |       ||    74
       Bite              |     9 |     2 ||    11
       Scythe            |       |    17 ||    17
  Use: Potion            |     1 |     2 ||     3
Armor: Scale mail        |    22 |       ||    22
       Plate armour      |    17 |    11 ||    28
Dodge: Dodged            |    18 |     6 ||    24
Block: Kite shield       |    45 |       ||    45
       Rpst.: Long sword |     7 |       ||     7

Table legend:
 A = Non-vault XP
 B = Vault XP
 C = Vault XP percentage of total XP
 D = Non-vault monster count
 E = Vault monster count
 F = Vault count percentage of total count
                 A         B        C        D         E       F
            +---------+---------+-------+---------+---------+-------
      Total |      46 |     222 |  82.8 |      23 |       5 |  17.9
            +---------+---------+-------+---------+---------+-------
        D:1 |      18 |      10 |  35.7 |      10 |       4 |  28.6
        D:2 |      28 |     212 |  88.3 |      13 |       1 |   7.1
            +---------+---------+-------+---------+---------+-------
